 Dungeon Crawl Stone Soup version 0.19-a0-1254-gb9c29c0 (webtiles) character file.

108 rlgrobin the Stinger (level 4, -8/27 HPs)
             Began as an Octopode Venom Mage on Aug 27, 2016.
             Killed by divine providence
             ... invoked by an orc priest
              (17 damage)
             ... on level 3 of the Dungeon.
             The game lasted 00:04:41 (2077 turns).

rlgrobin the Stinger (Octopode Venom Mage)          Turns: 2077, Time: 00:04:42

Health: -8/27      AC:  1    Str:  7    XL:     4   Next: 87%
Magic:  2/7        EV: 13    Int: 18    God:
Gold:   172        SH:  0    Dex: 12    Spells: 2 memorised, 3 levels left

rFire  . . .     SeeInvis .     d - +3 dagger (venom)
rCold  . . .     Gourm    .     (no shield)
rNeg   . . .     Faith    .     (helmet restricted)
rPois  .         Spirit   .     (no amulet)
rElec  .         Dismiss  .     (no ring)
rCorr  .         Reflect  .     (no ring)
MR     .....     Harm     .     (no ring)
Stlth  +++.......               (no ring)
                                (no ring)
                                (no ring)
                                (no ring)
                                (no ring)

@: no status effects
A: almost no armour, stealthy swim, amphibious, 8 rings, constrict 8, camouflage
1, gelatinous body 1
a: no special abilities


You were on level 3 of the Dungeon.
You were not hungry.

You visited 1 branch of the dungeon, and saw 3 of its levels.

You collected 172 gold pieces.

Inventory:

Hand Weapons
 d - a +3 dagger of venom (weapon)
Scrolls
 l - a scroll of remove curse
 m - 2 scrolls of teleportation
Potions
 e - 2 potions of might {unknown}
 h - a potion of heal wounds {unknown}
 j - a potion of mutation {unknown}
 k - 2 potions of brilliance {unknown}
 o - a potion of degeneration {unknown}
 q - a potion of beneficial mutation {unknown}
 r - a potion of cancellation {unknown}
 s - a potion of haste {unknown}
 t - a potion of curing {unknown}
Books
 a - a Young Poisoner's Handbook

   Spells                             Type                      Level
   a - Sting                          Conjuration/Poison           1
   b - Mephitic Cloud                 Conjuration/Poison/Air       3
   c - Olgreb's Toxic Radiance        Poison                       4
   d - Alistair's Intoxication        Transmutation/Poison         5
   e - Venom Bolt                     Conjuration/Poison           5
Comestibles
 b - 4 bread rations
 c - a slice of pizza
 f - 3 chunks of flesh
 g - 2 beef jerkies
 i - 4 meat rations


   Skills:
 - Level 2.0 Dodging
 - Level 2.6 Stealth
 - Level 2.0 Spellcasting
 + Level 2.8 Conjurations
 + Level 1.0 Air Magic
 - Level 6.0 Poison Magic


You had 3 spell levels left.
You knew the following spells:

 Your Spells              Type           Power        Failure   Level  Hunger
a - Sting                 Conj/Pois      ###.         3%          1    #......
b - Mephitic Cloud        Conj/Pois/Air  ##......     17%         3    ###....


Dungeon Overview and Level Annotations

Branches:
Dungeon (3/15)

Altars:
Fedhas
Nemelex Xobeh
Vehumet


Innate Abilities, Weirdness & Mutations

You cannot wear most types of armour.
You are very stealthy in the water.
You are amphibious.
You can wear up to eight rings at the same time.
You can use your tentacles to constrict eight enemies at once.
Your skin changes colour to match your surroundings (Stealth+).
Your rubbery body absorbs attacks. (AC +1, EV +1)


Message History

Casting: Sting
Confirm with . or Enter, or press ? or * to list all spells.
Aiming: Sting
Press: ? - help, Shift-Dir - straight line, f/p - orc priest
Aim: an orc priest, wielding a dagger (heavily wounded, poisoned)
The sting hits the orc priest.
The orc priest looks even sicker.
The orc priest is severely wounded.
The orc priest invokes the aid of Beogh against you.
Pain shoots through your body!
Casting: Sting
Confirm with . or Enter, or press ? or * to list all spells.
Aiming: Sting
Press: ? - help, Shift-Dir - straight line, f/p - orc priest
Aim: an orc priest, wielding a dagger (severely wounded, poisoned)
The sting hits the orc priest.
The orc priest is severely wounded.
The orc priest mumbles some strange prayers to Beogh against you.
Beogh smites you!
Ouch! That really hurt!
You die...

##..# #...# #.#.#
#.#.# #.#.# #(#.# .
#.#.# ...
#######.#.#######.....
#..........@..o.......
#.#####.......o......)
#.# ##.#############
######.# #.# ....†..#
#.# #.######### #.#
#.......... #.#
#..#######. #.# #..#


You could see an orc priest and an orc.

Vanquished Creatures
  Jessica (D:2)
  An adder (D:2)
  An ooze (D:1)
  A worm (D:2)
  A giant gecko (D:2)
  2 ball pythons
  7 bats (D:1)
  8 goblins
  8 hobgoblins
  7 jackals
  12 kobolds
  A quokka (D:3)
  6 giant newts
  4 rats
60 creatures vanquished.

Vanquished Creatures (others)
  2 kobolds (D:2)
  A rat (D:2)
3 creatures vanquished.

Grand Total: 63 creatures vanquished

Notes
Turn   | Place    | Note
-------+----------+-------------------------------------------
     0 | D:1      | rlgrobin the Octopode Venom Mage began the quest for the Orb.
     0 | D:1      | Reached XP level 1. HP: 11/11 MP: 3/3
    62 | D:1      | Reached skill level 5 in Poison Magic
   203 | D:1      | Reached skill level 1 in Conjurations
   203 | D:1      | Reached XP level 2. HP: 12/17 MP: 1/5
   631 | D:1      | Reached XP level 3. HP: 18/21 MP: 4/6
  1474 | D:2      | Found a blossoming altar of Fedhas.
  1567 | D:2      | Found a radiant altar of Vehumet.
  1572 | D:2      | Reached XP level 4. HP: 23/27 MP: 7/7
  1916 | D:2      | Reached skill level 6 in Poison Magic
  1937 | D:2      | Learned a level 3 spell: Mephitic Cloud
  1955 | D:2      | Found a sparkling altar of Nemelex Xobeh.
  1955 | D:2      | Noticed Jessica
  1961 | D:2      | Killed Jessica
  1961 | D:2      | Reached skill level 1 in Air Magic
  2077 | D:3      | Killed from afar by an orc priest

Vault maps used:
D:1:      sevenhm_arrival_forest_fort_small_6
D:2:      fedhas_altar_3, fiery_altar_vehumet, first_bread,
          nemelex_lonely_heart_becter
D:3:      eat_drink_and_be_merry_uskayaw, uniq_iyjb

Skill      XL: |  1  2  3  4 |
---------------+-------------+-----
Poison Magic   | 5 6 |  6.0
Conjurations   | 1 2 |  2.8
Air Magic      | 1 |  1.0
Dodging        | |  2.0
Stealth        | |  2.6
Spellcasting   | |  2.0

Action                   |  1- 3 |  4- 6 || total
-------------------------+-------+-------++-------
Melee: Unarmed           |     9 |       ||     9
       Dagger            |    39 |    33 ||    72
       Constrict         |     8 |     8 ||    16
       Tentacles         |     4 |     6 ||    10
 Cast: Sting             |    47 |     7 ||    54
  Use: Scroll            |     3 |     2 ||     5
 Stab: Sleeping          |     7 |     6 ||    13
  Eat: Chunk             |     3 |     1 ||     4
Armor: Skin              |    10 |     2 ||    12
Dodge: Dodged            |    40 |    24 ||    64
